AoeStats
← elijamesleon2

Fortress

510043319Analyzed
4v4 RM · 3d ago on Sep 29, 2026· 46m 48s· 8 players
Game mode
Random Map
Map size
Huge
Population
200
Speed
Normal
Resources
Standard
Victory
Conquest
Starting age
Dark Age
Ending age
Imperial Age
RankedLock teamsTeams togetherTeam positionsShared explorationLock speedFull tech treeHidden civsTurbo modeCheats
Victory
Defeat
🇺🇸 Cumans · United States
830
+12
🇺🇸 Magyars · United States
799
+13
🇺🇸 Armenians · United States
748
+15
🇺🇸 Huns · United States
716
+17
🇦🇷 Vikings · Argentina
817
-45
🇪🇸 Bohemians · Spain
746
-15
🇺🇸 Britons · United States
715
-13
🇨🇿 Teutons · Czechia
676
-12
felix
7:41 Feudal Age
9:00 Wheelbarrow
8:12 Double-Bit Axe
8:08 Horse Collar
8:15 Town Watch
8:18 Loom
12:51 Gold Mining
21:13 Castle Age
20:07 Man-at-Arms
21:43 Padded Archer Armor
21:45 Scale Mail Armor
21:56 Forging
21:36 Fletching
21:52 Scale Barding Armor
22:22 Yeomen
22:40 Husbandry
22:52 Crossbowman
23:06 Long Swordsman
24:58 Bow Saw
26:20 Hand Cart
27:34 Gambesons
zibo4074
1:07 Loom
7:43 Feudal Age
8:34 Double-Bit Axe
8:33 Horse Collar
15:50 Castle Age
16:23 Stone Mining
16:23 Gold Mining
17:42 Squires
17:03 Man-at-Arms
17:29 Arson
17:30 Gambesons
17:06 Pikeman
浩克
zamuee14
7:11 Feudal Age
11:57 Castle Age
10:34 Double-Bit Axe
11:20 Loom
13:25 Wheelbarrow
16:38 Bow Saw
20:25 Pikeman
21:06 Squires
36:46 Hand Cart
ZaddyStacks
7:07 Feudal Age
8:55 Bloodlines
16:37 Wheelbarrow
15:51 Double-Bit Axe
23:56 Castle Age
22:20 Scale Barding Armor
22:25 Gold Mining
22:17 Horse Collar
25:02 Corvinian Army
25:26 Husbandry
26:45 Chain Barding Armor
27:04 Gold Shaft Mining
26:23 Stone Mining
26:52 Hand Cart
36:59 Imperial Age
36:23 Heavy Plow
37:06 Gold Shaft Mining
37:04 Elite Magyar Huszar
39:53 Plate Barding Armor
39:43 Conscription
41:37 Spies/Treason
elijamesleon2
1:11 Loom
11:25 Feudal Age
14:41 Wheelbarrow
13:49 Horse Collar
13:57 Double-Bit Axe
14:05 Gold Mining
14:06 Stone Mining
15:05 Bloodlines
15:52 Forging
23:06 Castle Age
22:40 Scale Barding Armor
24:43 Hand Cart
25:26 Husbandry
25:55 Light Cavalry
26:59 Chain Barding Armor
WavyRackz
8:10 Feudal Age
12:13 Double-Bit Axe
29:50 Castle Age
30:18 Capped Ram
36:18 Wheelbarrow
41:17 Imperial Age
40:29 Gold Mining
41:19 Spies/Treason
PapaSnackz
8:11 Feudal Age
9:26 Wheelbarrow
8:14 Man-at-Arms
9:11 Double-Bit Axe
9:56 Long Swordsman
10:52 Forging
13:17 Scale Mail Armor
14:47 Pikeman
15:16 Arson
17:13 Gold Mining
24:17 Castle Age
24:17 Two-Handed Swordsman
25:01 Squires
24:46 Gambesons
25:41 Iron Casting
26:04 Champion
27:34 Hand Cart
28:22 Chain Mail Armor
28:43 Horse Collar
41:43 Imperial Age
42:00 Heavy Plow
41:45 Spies/Treason
44:07 Fereters
44:23 Conscription
45:09 Blast Furnace
44:39 Plate Mail Armor
Connection lost

Rejoining the realm…

Still unreachable

The connection could not be restored.

Session expired

The server has moved on; the page needs a fresh start.